 Dungeon Crawl Stone Soup version 0.31-a0-145-g046c7d2549 (console) character file.

Game seed: 7594210761344775660

2142599 jejorda2 the Merfolkian Porcupine (level 27, 249/249 HPs)
             Began as a Merfolk Berserker on June 4, 2023.
             Was an Elder of Trog.
             Escaped with the Orb
             ... and 4 runes on June 5, 2023!
             The game lasted 04:15:57 (81026 turns).

jejorda2 the Merfolkian Porcupine (MfBe)           Turns: 81026, Time: 04:15:57

Health: 249/249    AC: 39    Str: 31      XL:     27
Magic:  23/23      EV: 13    Int:  8 (11) God:    Trog [****..]
Gold:   4529       SH:  0    Dex: 19 (21) Spells: 26/26 levels left

rFire   + + .        a - +5 glaive {elec, spectral, AC+5}
rCold   + + +        (shield currently unavailable)
rNeg    . . .        A - +4 gold dragon scales
rPois   +            C - +2 helmet
rElec   .            P - scarf {rC+ rF+}
rCorr   +            S - +2 pair of gloves "Raib" {Str+4}
SInv    .            L - +3 pair of mountain boots {steadfast, rC+}
Will    ++...        R - amulet of faith Stlth
                     Q - ring "Ydedoiga" {rF+ Int+6 Slay+2}
HPRegen 0.61/turn    E - ring of resist corrosion
MPRegen 0.18/turn

%: clarity, faith
@: studying Invocations
A: (nimble swimmer 2), mertail, agile 1, clarity, deformed body, poison
resistance, heat vulnerability 1
0: Orb of Zot
}: 4/15 runes: barnacled, slimy, silver, gossamer
a: Renounce Religion, Berserk, Trog's Hand, Brothers in Arms


You escaped.
You worshipped Trog.
Trog was greatly pleased with you.
You visited 11 branches of the dungeon, and saw 53 of its levels.
You visited the Abyss 1 time.
You also visited: Ice Cave.

You collected 7754 gold pieces.
You spent 3225 gold pieces at shops.

Inventory:

Hand Weapons
 a - the +5 glaive of the Guard (weapon) {elec, spectral, AC+5}
   (You bought it in a shop on level 2 of the Dungeon)

   AC:        It affects your AC (+5).
 b - a +9 antimagic bardiche
 w - the +2 glaive of Urgency {heavy, rElec rF++ rCorr Int-3}
   (Trog gifted it to you on level 2 of the Lair of Beasts)

   Int:       It affects your intelligence (-3).
   rF:        It greatly protects you from fire.
   rElec:     It insulates you from electricity.
   rCorr:     It protects you from acid and corrosion.
Missiles
 e - 4 throwing nets
 i - 2 curare-tipped darts
 l - 22 javelins
 s - 35 boomerangs
 u - 26 atropa-tipped darts
 G - 2 silver boomerangs (quivered)
 V - 11 silver javelins
Armour
 A - +4 gold dragon scales (worn)
 C - a +2 helmet (worn)
 L - the +3 pair of mountain boots (worn) {steadfast, rC+}
   (You acquired it on level 5 of the Pits of Slime)

   Steadfast: It prevents involuntary movement, except for blinking,
   teleportation, or banishment.
   rC:        It protects you from cold.
 P - a scarf of resistance (worn)
 S - the +2 pair of gloves "Raib" (worn) {Str+4}
   (You found it on level 4 of the Lair of Beasts)

   Str:       It affects your strength (+4).
Jewellery
 D - a ring of see invisible
 E - a ring of resist corrosion (right hand)
 H - a ring of positive energy
 I - the ring "Boro" {AC+4 Slay+3}
   (You found it on level 5 of the Vaults)

   [ring of protection]

   AC:        It affects your AC (+4).
   Slay:      It affects your accuracy & damage with ranged weapons and melee
   (+3).
 Q - the ring "Ydedoiga" (left hand) {rF+ Int+6 Slay+2}
   (You took it off a deep elf master archer on level 3 of the Elven Halls)

   [ring of intelligence]

   Int:       It affects your intelligence (+6).
   Slay:      It affects your accuracy & damage with ranged weapons and melee
   (+2).
   rF:        It protects you from fire.
 R - an amulet of faith (around neck)
 Y - a ring of protection from fire
Wands
 d - a wand of roots (44)
 h - a wand of digging (24)
 n - a wand of light (69)
 o - a wand of paralysis (82)
 y - a wand of flame (146)
 M - a wand of polymorph (22)
 U - a wand of mindburst (30)
Scrolls
 g - 8 scrolls of poison
 j - 7 scrolls of fear
 m - 12 scrolls of fog
 p - 4 scrolls of noise
 q - 21 scrolls of teleportation
 v - 4 scrolls of immolation
 K - 2 scrolls of magic mapping
 O - 13 scrolls of blinking
 W - 2 scrolls of summoning
 Z - 4 scrolls of silence
Potions
 c - 4 potions of haste
 f - a potion of resistance
 k - a potion of ambrosia
 r - 22 potions of curing
 t - 12 potions of attraction
 z - 6 potions of mutation
 B - a potion of invisibility
 N - 2 potions of cancellation
 T - 6 potions of enlightenment
 X - 3 potions of might
Miscellaneous
 x - a lightning rod (4/4)
 F - a phial of floods
 J - a condenser vane


   Skills:
 O Level 27 Fighting
 O Level 27 Polearms
 + Level 20.8 Throwing
 * Level 20.9 Armour
 - Level 11.3 Dodging
 - Level 5.1 Stealth
 - Level 16.5 Evocations


You had 26 spell levels left.
You didn't know any spells.
Your spell library was empty.

Dungeon Overview and Level Annotations

Branches:
Dungeon (15/15)            Temple (0/1) D:6            Lair (5/5) D:11
 Shoals (4/4) Lair:3       Spider (4/4) Lair:3        Slime (5/5) Lair:5
    Orc (2/2) D:10            Elf (3/3) Orc:2        Vaults (5/5) D:14
  Crypt (1/3) Vaults:2     Depths (4/4) D:15            Zot (5/5) Depths:4
  IceCv (visited)

Altars:
Ashenzari
Fedhas
Kikubaaqudgha
Makhleb
Okawaru
Sif Muna
Wu Jian
Yredelemnul
Jiyva

Shops:
D:2 (   D:3 *   D:7 *   D:13 *   Orc:1 ::   Orc:2 ?!=!   Elf:1 :   Elf:3 *
Shoals:1 *   Vaults:1 [   Vaults:3 (   Vaults:5 [

Portals:
Hell: Lair:5 Depths:1 Depths:2 Depths:3 Depths:4
Abyss: Depths:1 Depths:3
Pandemonium: Depths:1 Depths:2
Ziggurat: Depths:3

Annotations:
Zot:2 1 transporter


Innate Abilities, Weirdness & Mutations

((You are very nimble when in or above water. (Stealth+, EV+, Speed+++)))
Your lower body shifts to a powerful aquatic tail in water.
You are agile. (Dex +4, Str/Int -1)
You possess an exceptional clarity of mind.
Armour fits poorly on your strangely shaped body.
Your system is resistant to poisons. (rPois)
You are vulnerable to heat. (rF-)


Message History

There is a stone staircase leading up here.
You climb upwards.
There is a stone staircase leading down here.
(D) Dungeon (T) Temple (L) Lair (A) Shoals (N) Spider Nest (M) Slime Pits (O) Orcish Mines (E) Elven Halls (V) Vaults (C) Crypt (U) Depths (H) Hell (Z) Zot
Where to? (Enter - D:5, ? - help)
There is a stone staircase leading up here.
You climb upwards.
There is a stone staircase leading down here.
(D) Dungeon (T) Temple (L) Lair (A) Shoals (N) Spider Nest (M) Slime Pits (O) Orcish Mines (E) Elven Halls (V) Vaults (C) Crypt (U) Depths (H) Hell (Z) Zot
Where to? (Enter - D:4, ? - help)
There is a stone staircase leading up here.
You climb upwards.
There is a stone staircase leading down here.
(D) Dungeon (T) Temple (L) Lair (A) Shoals (N) Spider Nest (M) Slime Pits (O) Orcish Mines (E) Elven Halls (V) Vaults (C) Crypt (U) Depths (H) Hell (Z) Zot
Where to? (Enter - D:3, ? - help)
There is a stone staircase leading up here.
You climb upwards.
There is a stone staircase leading down here.
(D) Dungeon (T) Temple (L) Lair (A) Shoals (N) Spider Nest (M) Slime Pits (O) Orcish Mines (E) Elven Halls (V) Vaults (C) Crypt (U) Depths (H) Hell (Z) Zot
Where to? (Enter - D:2, ? - help)
There is a stone staircase leading up here.
You climb upwards.
There is a stone staircase leading down here.
There is a staircase leading out of the dungeon here.
Unknown command.
There is a staircase leading out of the dungeon here.
Unknown command.
You have escaped!

.........# #.# ### ##.#
.........# #.###.# ##.#.
.....##..# #.....# ##.###
.........#####.#.#.### ####.## #
...........#.........# #...##
.....#...###.#.#.#.#.####.##.## #
...............#.#......#.###.###
.........#.#.###.###.#.#..# ##.#.
#####...##......@......#..# ##.#
#...##.#.###.###.#.##.# #.# #
#...#......#.#......#.# #.# #
#...####.#.#.#.#.###..#####.#
#####...####........)#.#...).##..
..)........###.#.#.###.#.....####
.............#.....#.........###.
...........:.#.###.##.##.....##.#
#####...######........##.....#.#.


There were no monsters in sight!

Vanquished Creatures
  the Royal Jelly (Slime:5)
  Dissolution (Slime:4)
  4 dread liches (Vaults:5)
  8 orbs of fire
  3 ancient liches (Zot:5)
  Mara (Vaults:4)
  The ghost of Miownoin the Impregnable, a master GrFi of Ashenzari (Depths:2)
  5 Killer Klowns
  Margery (Vaults:3)
  Saint Roka (Vaults:4)
  2 curse toes
  8 golden dragons
  A caustic shrike (Depths:2)
  the Enchantress (Depths:3)
  4 electric golems
  A Brimstone Fiend (Zot:1)
  The ghost of Rofut the Black Sun, an adept AtIE of Kikubaaqudgha (Depths:2)
  Jorgrun (Elf:1)
  Zenata (Vaults:1)
  27 Orb Guardians
  7 quicksilver dragons
  3 liches
  12 tentacled monstrosities
  4 titans
  4 deep elf blademasters
  13 acid blobs
  A kraken (Shoals:1)
  7 death cobs
  2 deep elf master archers (Elf:3)
  The ghost of samgaumpmail the Brawler, an adept TrGl of Cheibriados (Spider:2)
  The ghost of wolfgangpup the Warrior, an adept MiFi of Gozag (Depths:2)
  8 sphinxes
  5 tengu reavers
  The ghost of Busoho the Hoplite, an adept MiFi of Okawaru (Shoals:2)
  6 shadow dragons
  16 storm dragons
  A revenant (Crypt:1)
  Donald (Orc:2)
  Roxanne (Elf:3)
  The ghost of Jismel the Severer, a journeyman HOFi of Beogh (Depths:2)
  8 azure jellies
  12 vault wardens
  3 rockslimes (Slime:5)
  3 draconian monks
  6 draconian knights
  Aizul (Elf:2)
  5 fire giants
  7 frost giants
  5 deep elf sorcerers
  4 ghost moths
  10 emperor scorpions
  An emperor scorpion (shapeshifter) (Vaults:5)
  6 draconian scorchers
  An iron dragon (Vaults:5)
  A cacodemon (Zot:1)
  2 curse skulls (Crypt:1)
  4 draconian stormcallers
  13 ironbound preservers
  11 quicksilver oozes
  4 draconian shifters
  4 orc warlords
  4 broodmothers (Spider:4)
  4 draconian annihilators (Zot:2)
  5 war gargoyles
  4 formless jellyfish
  5 deep elf elementalists (Elf:3)
  6 spriggan defenders
  7 ironbound thunderhulks
  27 very ugly things
  12 stone giants
  17 deep elf annihilators
  8 green draconians
  6 vampire knights
  12 black draconians
  2 minotaurs (Shoals:4)
  4 deep elf demonologists (Elf:3)
  12 yellow draconians
  16 dire elephants
  10 purple draconians
  7 red draconians
  A white draconian (shapeshifter) (Vaults:5)
  7 white draconians
  The ghost of Gamaf the Peltast, a journeyman MiFi of Trog (Lair:3)
  2 crystal guardians (Vaults:3)
  10 spark wasps
  An eidolon (Crypt:1)
  7 ettins
  8 merfolk impalers
  7 jiangshi (Crypt:1)
  6 entropy weavers
  18 yaktaur captains
  4 deep elf high priests
  12 great orbs of eyes
  5 deep elf death magi
  9 fire dragons
  Erolcha (D:13)
  4 rakshasas
  2 jorogumos
  22 vault guards
  8 hydras
  2 peacekeepers (Vaults:3)
  10 ice dragons
  2 ogre magi
  2 catoblepae
  A caustic shrike simulacrum (Depths:1)
  6 spriggan air magi
  A death knight (Crypt:1)
  2 merfolk avatars (Shoals:1)
  12 ironbound frosthearts
  A two-headed ogre (shapeshifter) (Elf:1)
  4 hell hogs (D:13)
  11 centaur warriors
  6 two-headed ogres
  25 dancing weapons
  5 boulder beetles
  2 alligator snapping turtles
  A death scarab (Spider:3)
  2 merfolk aquamancers
  10 satyrs
  15 death yaks
  2 radroaches
  4 large abominations (Depths:1)
  4 orc high priests (Orc:2)
  16 demonic crawlers
  Urug (Lair:5)
  A deep troll earth mage (Depths:1)
  7 tengu warriors
  4 deep troll shamans
  6 vampire magi
  8 hell knights
  5 spriggan berserkers
  5 iron trolls
  A sun demon (Lair:5)
  15 deep elf knights
  A soul eater (Crypt:1)
  10 skeletal warriors
  8 skysharks
  A titan skeleton (Vaults:5)
  A sun moth (Spider:4)
  2 golden dragon zombies
  2 sixfirhies
  11 sea snakes
  5 pharaoh ants
  A storm dragon skeleton (Depths:1)
  A glowing orange brain (D:12)
  The ghost of Starbright the Martial Artist, a novice OpTm of Ru (D:8)
  8 orb spiders
  36 deep trolls
  12 deep elf archers
  6 steelbarb worms
  11 phantasmal warriors
  Pikel (D:4)
  A flayed ghost (Crypt:1)
  12 orc knights
  10 lindwurms
  17 ironbound convokers
  7 wizards
  6 necromancers
  28 deep elf pyromancers
  13 harpies
  33 ugly things
  25 deep elf zephyrmancers
  9 wolf spiders
  A fire giant zombie (Depths:2)
  A mana viper (shapeshifter) (Vaults:5)
  4 shining eyes
  9 orc sorcerers
  13 fauns
  18 manticores
  2 sphinx skeletons (Vaults:2)
  A faun (shapeshifter) (Vaults:5)
  3 tengu skeletons
  16 moths of wrath
  10 cyclopes
  A frost giant skeleton (Depths:1)
  A goliath frog skeleton (Crypt:1)
  A stone giant skeleton (Vaults:2)
  An ice statue (IceCv)
  10 elephants
  An elephant (shapeshifter) (Vaults:5)
  7 merfolk sirens
  4 water nymphs
  Joseph (D:8)
  16 vault sentinels
  3 gargoyles
  7 black mambas
  2 smoke demons
  5 torpor snails
  A guardian serpent (shapeshifter) (Depths:4)
  A toenail golem (Zot:3)
  2 eyes of devastation
  An orange demon (D:9)
  9 unseen horrors
  9 cane toads
  An efreet (D:15)
  8 komodo dragons
  15 rime drakes
  A rime drake (shapeshifter) (D:14)
  3 freezing wraiths
  2 tormentors
  5 tengu conjurers
  4 ice devils
  24 merfolk
  33 yaktaurs
  5 human skeletons
  11 trolls
  5 red devils (Lair:5)
  A meliai (shapeshifter) (D:13)
  A hellwing (Zot:5)
  A troll (shapeshifter) (D:13)
  3 meliai (Spider:2)
  A polar bear (shapeshifter) (Vaults:5)
  18 polar bears
  18 dream sheep
  5 hornets
  19 tarantellas
  7 snapping turtles
  2 wind drakes
  6 small abominations
  21 blink frogs
  66 slime creatures
  32 jumping spiders
  3 shadows
  A centaur simulacrum (D:14)
  19 culicivoras
  3 flying skulls (Crypt:1)
  8 water elementals
  7 wyverns
  2 vampires (D:11)
  5 wraiths
  3 spriggans
  82 yaks
  3 basilisks
  A fire elemental (Elf:1)
  2 chaos spawn (Depths:1)
  5 steam dragons
  9 golden eyes
  67 redbacks
  An ogre zombie (Vaults:5)
  7 vampire mosquitoes
  8 wargs
  2 swamp worms (D:7)
  2 acid dragons
  3 floating eyes
  21 water moccasins
  4 hell hounds (Lair:5)
  A cane toad zombie (Crypt:1)
  43 orc warriors
  A meliai simulacrum (D:14)
  2 sky beasts (D:7)
  An ice beast (D:8)
  A black bear (shapeshifter) (Vaults:5)
  14 black bears
  A blink frog zombie (Crypt:1)
  An ettin simulacrum (Depths:1)
  3 boggarts (Lair:3)
  16 ogres
  14 wolves
  A snapping turtle skeleton (Crypt:1)
  3 lemures (D:4)
  9 centaurs
  4 kobold brigands
  3 earth elementals
  A gnoll sergeant (D:9)
  A hog skeleton (Crypt:1)
  13 bullfrogs
  2 scorpions (D:5)
  A water moccasin zombie (Crypt:1)
  8 wights
  A jelly (D:7)
  7 killer bees
  4 electric eels
  A raiju skeleton (Crypt:1)
  A howler monkey (D:12)
  5 hounds
  33 orc priests
  3 gnoll boudas
  2 sleepcaps
  Crazy Yiuf (D:2)
  5 iguanas
  31 orc wizards
  Ijyb (D:4)
  Robin (D:4)
  12 gnolls
  10 adders
  3 white imps
  3 ufetubi
  4 worms
  5 dart slugs
  108 orcs
  8 ball pythons
  5 endoplasms
  7 giant cockroaches
  10 goblins
  7 hobgoblins
  2 jackals (D:4)
  20 kobolds
  A quokka (D:1)
  5 bats
  4 frilled lizards
  A quokka skeleton (Crypt:1)
  9 rats
  A river rat skeleton (Crypt:1)
2272 creatures vanquished.

Vanquished Creatures (collateral kills)
  Frederick (Vaults:5)
  A tentacled monstrosity (Zot:5)
  An acid blob (Slime:5)
  A draconian monk (Zot:2)
  2 azure jellies (Slime:5)
  2 vault wardens (Vaults:5)
  A quicksilver ooze (Slime:5)
  A deep elf elementalist (Elf:3)
  A very ugly thing (Vaults:5)
  A green draconian (Zot:2)
  A purple draconian (Zot:2)
  4 vault guards (Vaults:5)
  3 satyrs (Shoals:4)
  A demonic crawler (Spider:4)
  A hell knight (Vaults:3)
  3 deep elf knights (Elf:3)
  2 orb spiders (Spider:4)
  A wizard (Vaults:3)
  3 deep elf zephyrmancers (Elf:1)
  A deep elf pyromancer (Elf:1)
  2 manticores (Shoals:4)
  A moth of wrath (Spider:4)
  A merfolk siren (Shoals:3)
  A vault sentinel (Vaults:5)
  A yaktaur (Vaults:5)
  2 merfolk (Shoals:4)
  A wind drake (Shoals:3)
  A culicivora (Spider:4)
  3 yaks (D:11)
  2 redbacks (Spider:4)
  2 centaurs (D:11)
  A boggart (Lair:3)
  An orc priest (Vaults:4)
51 creatures vanquished.

Vanquished Creatures (others)
  A draconian scorcher (Zot:1)
  A deep elf knight (Elf:3)
  A wizard (Lair:5)
  A wolf spider (Spider:3)
  A tarantella (Spider:2)
  A vampire mosquito (D:15)
  An orc wizard (D:6)
  74 spectral weapons
81 creatures vanquished.

Grand Total: 2404 creatures vanquished

Notes
Turn   | Place    | Note
-------+----------+-------------------------------------------
     0 | D:1      | jejorda2 the Merfolk Berserker began the quest for the Orb.
     0 | D:1      | Reached XP level 1. HP: 18/18 MP: 1/1
   132 | D:1      | Reached XP level 2. HP: 20/24 MP: 2/2
   390 | D:1      | Reached skill level 5 in Polearms
   460 | D:1      | Reached XP level 3. HP: 30/30 MP: 3/3
   671 | D:1      | Reached ** piety under Trog
  1046 | D:2      | Reached XP level 4. HP: 37/37 MP: 4/4
  1385 | D:2      | Found Deidghyts's Antique Weapon Boutique.
  1431 | D:2      | Found a runed translucent door.
  1432 | D:2      | Noticed Crazy Yiuf
  1441 | D:2      | Killed Crazy Yiuf
  1442 | D:2      | Reached XP level 5. HP: 12/43 MP: 5/5
  2728 | D:3      | Found Getwurgh's Assorted Antiques.
  2755 | D:3      | Noticed a golden eye
  2758 | D:3      | Found a faded altar of an unknown god.
  2760 | D:3      | Noticed a floating eye
  2760 | D:3      | Noticed an eye of devastation
  2760 | D:3      | Noticed a floating eye
  3019 | D:3      | Reached *** piety under Trog
  3362 | D:4      | Noticed a lemure
  3365 | D:4      | Noticed a lemure
  3365 | D:4      | Noticed a lemure
  3368 | D:4      | Noticed Pikel
  3392 | D:4      | Killed a lemure
  3416 | D:4      | Killed a lemure
  3423 | D:4      | Killed a lemure
  3598 | D:4      | Noticed a lemure
  3618 | D:4      | Killed Pikel
  3619 | D:4      | Reached XP level 6. HP: 26/52 MP: 6/6
  3619 | D:4      | Reached XP level 7. HP: 29/58 MP: 7/7
  4048 | D:4      | Found a blossoming altar of Fedhas.
  4136 | D:4      | Noticed Ijyb
  4138 | D:4      | Noticed Robin
  4151 | D:4      | Killed Ijyb
  4154 | D:4      | Reached skill level 10 in Polearms
  4177 | D:4      | Killed Robin
  4262 | D:5      | Entered Level 5 of the Dungeon
  4266 | D:5      | Reached XP level 8. HP: 54/64 MP: 8/8
  4357 | D:5      | Noticed a hornet
  4364 | D:5      | Paralysed by a hornet for 3 turns
  4367 | D:5      | Killed a hornet
  5825 | D:6      | Reached XP level 9. HP: 41/69 MP: 9/9
  6208 | D:6      | Found a staircase to the Ecumenical Temple.
  6634 | D:7      | Found Xicag's Assorted Antiques.
  6648 | D:7      | Bought a brass ring for 135 gold pieces
  6810 | D:3      | Bought a scroll labelled MUELEURAME for 24 gold pieces
  6958 | D:7      | Found a basalt altar of Yredelemnul.
  7401 | D:7      | Reached skill level 5 in Armour
  7738 | D:8      | Reached XP level 10. HP: 76/76 MP: 10/10
  7749 | D:8      | Noticed Joseph
  7762 | D:8      | Killed Joseph
  7763 | D:8      | Reached skill level 15 in Polearms
  7813 | D:8      | Reached **** piety under Trog
  7995 | D:8      | Found a runed translucent door.
  7996 | D:8      | Noticed Starbright's ghost (novice OpTm)
  8009 | D:8      | Killed Starbright's ghost
  8549 | D:8      | Noticed a lindwurm
  8549 | D:8      | Noticed a lindwurm
  8562 | D:8      | Noticed a lindwurm
  8575 | D:8      | Noticed a lindwurm
  8584 | D:8      | Killed a lindwurm
  8585 | D:8      | Reached skill level 1 in Evocations
  8592 | D:8      | Killed a lindwurm
  8593 | D:8      | Reached XP level 11. HP: 8/83 MP: 11/11
  8597 | D:8      | Killed a lindwurm
  8606 | D:8      | Killed a lindwurm
  9163 | D:9      | Noticed a deep elf pyromancer
  9170 | D:9      | Killed a deep elf pyromancer
 10358 | D:10     | Entered Level 10 of the Dungeon
 10445 | D:10     | Noticed a cyclops
 10451 | D:10     | Killed a cyclops
 10584 | D:10     | Noticed a two-headed ogre
 10593 | D:10     | Killed a two-headed ogre
 10594 | D:10     | Reached skill level 5 in Evocations
 10744 | D:10     | Found an iron altar of Okawaru.
 10751 | D:10     | Found an ancient bone altar of Kikubaaqudgha.
 10754 | D:10     | Found an ornate altar of the Wu Jian Council.
 10754 | D:10     | Found a burning altar of Makhleb.
 10761 | D:10     | Found a broken altar of Ashenzari.
 10965 | D:10     | Found a staircase to the Orcish Mines.
 11450 | D:11     | Noticed a boulder beetle
 11470 | D:11     | Reached XP level 12. HP: 62/95 MP: 12/12
 11651 | D:11     | Killed a boulder beetle
 11741 | D:11     | Identified the ring "Noife" {rC+ Str+2 Int+3}
 11768 | D:11     | Reached skill level 1 in Throwing
 11865 | D:11     | Found a staircase to the Lair.
 12485 | D:11     | Reached skill level 10 in Fighting
 12971 | Orc:1    | Entered Level 1 of the Orcish Mines
 12972 | Orc:1    | Noticed a two-headed ogre
 12981 | Orc:1    | Killed a two-headed ogre
 13175 | Orc:2    | Entered Level 2 of the Orcish Mines
 13260 | Orc:2    | Noticed a two-headed ogre
 13274 | Orc:2    | Killed a two-headed ogre
 13522 | Orc:1    | Found Wobbos's Vocational Training.
 13583 | Orc:1    | Noticed an orc warlord
 13594 | Orc:1    | Killed an orc warlord
 13797 | Orc:2    | Noticed an orc warlord
 13809 | Orc:2    | Killed an orc warlord
 13810 | Orc:2    | Reached skill level 5 in Throwing
 14019 | Orc:2    | Noticed an orc warlord
 14039 | Orc:2    | Reached XP level 13. HP: 106/106 MP: 13/13
 14060 | Orc:2    | Killed an orc warlord
 14264 | Orc:2    | Noticed Donald
 14277 | Orc:2    | Killed Donald
 14389 | Orc:2    | Reached ***** piety under Trog
 14921 | Orc:2    | Received a gift from Trog
 15013 | Orc:2    | Found a staircase to the Elven Halls.
 15773 | Orc:2    | Found Hadiddes's Distillery.
 15783 | Orc:2    | Found Suepte's Magic Scroll Shoppe.
 16113 | Orc:2    | Reached skill level 10 in Throwing
 16115 | Orc:2    | Found Xajugg's Jewellery Emporium.
 16649 | Orc:2    | Found Abbayci Mobb's Distillery.
 16657 | Orc:2    | Bought a potion of degeneration for 12 gold pieces
 16775 | Orc:1    | Found Zano Vif's Book Boutique.
 16999 | Lair:1   | Entered Level 1 of the Lair of Beasts
 17111 | Lair:1   | Reached XP level 14. HP: 109/115 MP: 14/14
 17147 | Lair:1   | Found a frozen archway.
 17332 | IceCv    | Entered an ice cave
 17771 | IceCv    | Noticed a frost giant
 17789 | IceCv    | Killed a frost giant
 18476 | Lair:1   | You fall into a shaft and drop 1 floor!
 18529 | Lair:2   | Found an ornate altar of the Wu Jian Council.
 19533 | Lair:2   | Identified the +2 glaive of Urgency {heavy, rElec rF++
                  | rCorr Int-3} (Trog gifted it to you on level 2 of the Lair
                  | of Beasts)
 19533 | Lair:2   | Received a gift from Trog
 20085 | Lair:2   | Identified the +5 long sword "Zoir" {freeze, Str-5 Int+7
                  | Dex-3 Stlth+}
 20315 | Lair:3   | Reached XP level 15. HP: 124/124 MP: 15/15
 20333 | Lair:3   | Identified the +4 whip "Wezxezxi" {pain, rN+}
 20902 | Lair:3   | Identified the +8 trident of the Volcano {flame, rPois}
                  | (Trog gifted it to you on level 3 of the Lair of Beasts)
 20902 | Lair:3   | Received a gift from Trog
 21365 | Lair:3   | Found a runed translucent door.
 21703 | Lair:3   | Found a runed translucent door.
 21706 | Lair:3   | Noticed Gamaf's ghost (journeyman MiFi)
 21712 | Lair:3   | Found a hole to the Spider Nest.
 21866 | Lair:3   | Found a staircase to the Shoals.
 22159 | Lair:3   | Killed Gamaf's ghost
 22500 | Lair:4   | Identified the +2 leather armour of Tuar {rElec rPois MP+9
                  | Int-2}
 22556 | Lair:4   | Identified the +2 pair of gloves "Raib" {Str+4}
 23344 | Lair:5   | Entered Level 5 of the Lair of Beasts
 24033 | Lair:5   | Found a viscous altar of Jiyva.
 24035 | Lair:5   | Found a staircase to the Slime Pits.
 24214 | Lair:5   | Noticed Urug
 24232 | Lair:5   | Killed Urug
 24328 | Lair:5   | Reached ****** piety under Trog
 24342 | Lair:5   | Reached XP level 16. HP: 134/134 MP: 16/16
 24568 | Lair:5   | Identified the +11 dagger of the Establishment {vamp,
                  | Str+6}
 24829 | Lair:5   | Found a burning altar of Makhleb.
 24847 | Lair:5   | Reached skill level 15 in Fighting
 24848 | Lair:5   | Reached skill level 15 in Throwing
 24876 | Lair:5   | Found a gateway to Hell.
 25300 | D:2      | Bought the +5 glaive of the Guard {elec, spectral, AC+5}
                  | for 2006 gold pieces
 25300 | D:2      | Found the +5 glaive of the Guard {elec, spectral, AC+5}
 25575 | Orc:2    | Bought a potion of might for 48 gold pieces
 25841 | Lair:5   | Received a gift from Trog
 27581 | D:13     | Noticed Erolcha
 27586 | D:13     | Killed Erolcha
 27587 | D:13     | Reached skill level 10 in Armour
 27777 | D:13     | Found Reuplecuno's Fire Supplies.
 28284 | Orc:2    | Bought a potion of resistance for 120 gold pieces
 28686 | D:14     | Received a gift from Trog
 29240 | D:14     | Found a gate to the Vaults.
 29611 | D:15     | Entered Level 15 of the Dungeon
 30147 | D:15     | Reached XP level 17. HP: 132/144 MP: 17/17
 30597 | D:15     | Found a staircase to the Depths.
 30980 | Shoals:1 | Entered Level 1 of the Shoals
 31421 | Shoals:1 | Identified the +3 chain mail of Dishonour {rElec rPois
                  | Str+3}
 31532 | Shoals:1 | Found Feacwuxt's CLEARANCE SALE!.
 31767 | Shoals:1 | Noticed a kraken
 31775 | Shoals:1 | Killed a kraken
 31952 | Shoals:2 | Received a gift from Trog
 32295 | Shoals:2 | Found a runed translucent door.
 32307 | Shoals:2 | Noticed Busoho's ghost (adept MiFi)
 32866 | Shoals:2 | Killed Busoho's ghost
 33543 | Shoals:3 | Received a gift from Trog
 34018 | Spider:1 | Entered Level 1 of the Spider Nest
 34240 | Spider:1 | Reached XP level 18. HP: 155/155 MP: 18/18
 34349 | Spider:1 | Reached skill level 10 in Evocations
 34412 | Spider:1 | Received a gift from Trog
 35455 | Spider:2 | Reached skill level 5 in Dodging
 36136 | Spider:2 | Received a gift from Trog
 36234 | Spider:2 | Found a runed translucent gate.
 36234 | Spider:2 | Found a runed translucent gate.
 36234 | Spider:2 | Found a runed translucent gate.
 36235 | Spider:2 | Noticed samgaumpmail's ghost (adept TrGl)
 36246 | Spider:2 | Killed samgaumpmail's ghost
 36932 | Spider:3 | Received a gift from Trog
 37132 | Spider:4 | Entered Level 4 of the Spider Nest
 38036 | Spider:4 | Received a gift from Trog
 38096 | Spider:4 | Reached XP level 19. HP: 132/164 MP: 19/19
 38636 | Spider:4 | Got a gossamer rune of Zot
 38972 | Shoals:4 | Entered Level 4 of the Shoals
 39173 | Shoals:4 | Received a gift from Trog
 39403 | Abyss:2  | Cast into level 2 of the Abyss (merfolk)
 39406 | Abyss:2  | Found a corrupted altar of Lugonu.
 39434 | Shoals:4 | Escaped the Abyss
 39553 | Shoals:4 | Reached skill level 10 in Dodging
 39636 | Shoals:4 | Identified the +6 hand axe of Xall {freeze, rCorr Dex-3
                  | Stlth+}
 39655 | Shoals:4 | Received a gift from Trog
 39817 | Shoals:4 | Identified the +3 shortbow "Celu" {elec, Contam rElec rPois
                  | rC+++}
 39820 | Shoals:4 | Got a barnacled rune of Zot
 40518 | Vaults:1 | Entered Level 1 of the Vaults
 41220 | Vaults:1 | Noticed Zenata
 41228 | Vaults:1 | Reached skill level 1 in Stealth
 41560 | Vaults:1 | Received a gift from Trog
 41646 | Vaults:1 | Killed Zenata
 41882 | Vaults:1 | Found Vyqu's Armour Boutique.
 42455 | Vaults:2 | Reached XP level 20. HP: 169/176 MP: 20/20
 42851 | Vaults:2 | Found a staircase to the Crypt.
 43950 | Vaults:3 | Received a gift from Trog
 44201 | Vaults:3 | You fall into a shaft and drop 1 floor!
 44358 | Vaults:4 | Noticed Mara
 44362 | Vaults:4 | Noticed jejorda2's illusion
 44368 | Vaults:4 | Killed Mara
 44435 | Vaults:4 | Paralysed by a great orb of eyes for 3 turns
 44444 | Vaults:4 | Received a gift from Trog
 45037 | Vaults:3 | Paralysed by a great orb of eyes for 4 turns
 45055 | Vaults:3 | Reached XP level 21. HP: 169/186 MP: 21/21
 45299 | Vaults:3 | Noticed Margery
 45317 | Vaults:3 | Killed Margery
 45661 | Vaults:3 | Found Kem Ink's Weapon Shop.
 46737 | Vaults:4 | Noticed Saint Roka
 46755 | Vaults:4 | Killed Saint Roka
 46923 | Vaults:4 | Paralysed by a sphinx for 3 turns
 47290 | Vaults:4 | Found the +18 shield of the Gong {Loud rN+ Will+ rCorr
                  | EV-5}
 47648 | Vaults:4 | Reached skill level 5 in Stealth
 47796 | Vaults:4 | Received a gift from Trog
 48234 | Elf:1    | Entered Level 1 of the Elven Halls
 48303 | Elf:1    | Found a runed translucent door.
 48320 | Elf:1    | Reached skill level 15 in Armour
 48484 | Elf:1    | Noticed Jorgrun
 48494 | Elf:1    | Killed Jorgrun
 48586 | Elf:1    | Found a runed translucent door.
 48593 | Elf:1    | Found a runed translucent gate.
 48593 | Elf:1    | Found a runed translucent gate.
 48593 | Elf:1    | Found a runed translucent gate.
 48624 | Elf:1    | Found a runed translucent gate.
 48624 | Elf:1    | Found a runed translucent gate.
 48624 | Elf:1    | Found a runed translucent gate.
 48660 | Elf:1    | Found Vekyonus's Tremendous Tomes.
 48730 | Elf:1    | Identified the +1 leather armour of the Morning {rElec
                  | rCorr}
 49097 | Elf:2    | Noticed Aizul
 49107 | Elf:2    | Killed Aizul
 49227 | Elf:2    | Found a runed translucent gate.
 49228 | Elf:2    | Found a runed translucent gate.
 49228 | Elf:2    | Found a runed translucent gate.
 49537 | Elf:2    | Received a gift from Trog
 49555 | Elf:2    | Reached XP level 22. HP: 164/198 MP: 22/22
 50071 | Elf:3    | Entered Level 3 of the Elven Halls
 50143 | Elf:3    | Received a gift from Trog
 50400 | Elf:3    | Identified the ring "Ydedoiga" {rF+ Int+6 Slay+2}
 50410 | Elf:3    | Received a gift from Trog
 51066 | Elf:3    | Identified the +0 scimitar "Ciyloraem" {venom, rPois Will+
                  | Str+2}
 51269 | Elf:3    | Received a gift from Trog
 51406 | Elf:3    | Identified the staff of conjuration "Noycuomn" {rPois Str-3
                  | Int+2}
 51410 | Elf:3    | Identified the +5 scale mail "Ratiomann" {rF- Regen+ Str+4
                  | Slay+2}
 51415 | Elf:3    | Identified the +0 pearl dragon scales "Wopp" {-Cast rN+
                  | Str+8}
 51424 | Elf:3    | Identified the amulet "Zifoaw" {rF+ Regen+ MP+9 Dex+4}
 51856 | Elf:3    | Found Lurotutz's General Store.
 51882 | Elf:3    | Identified Roxanne's Codex of Shaping
 51882 | Elf:3    | Noticed Roxanne
 51903 | Elf:3    | Killed Roxanne
 52416 | Vaults:5 | Entered Level 5 of the Vaults
 52469 | Vaults:5 | Noticed a dread lich
 52474 | Vaults:5 | Killed a dread lich
 52505 | Vaults:5 | Noticed a dread lich
 52510 | Vaults:5 | Killed a dread lich
 52511 | Vaults:5 | Reached XP level 23. HP: 119/207 MP: 23/23
 52527 | Vaults:5 | Noticed a dread lich
 52536 | Vaults:5 | Killed a dread lich
 52536 | Vaults:5 | Received a gift from Trog
 52744 | Vaults:5 | Found Biacix's Antique Armour Shop.
 52918 | Vaults:5 | Identified the +3 dagger "Suatsuok" {flame, Int+5}
 53141 | Vaults:5 | Noticed Frederick
 53148 | Vaults:5 | Killed Frederick
 53160 | Vaults:5 | Received a gift from Trog
 53420 | Vaults:5 | Noticed a dread lich
 53440 | Vaults:5 | Killed a dread lich
 54058 | Vaults:5 | Got a silver rune of Zot
 54338 | Vaults:5 | Received a gift from Trog
 54619 | Vaults:5 | Found the +5 Storm Queen's Shield {shock, Fly rElec}
 54642 | Vaults:5 | Identified the ring "Boro" {AC+4 Slay+3}
 55043 | Vaults:5 | Found Biacix's Antique Armour Shop.
 55641 | Depths:1 | Entered Level 1 of the Depths
 55912 | Depths:1 | Found a one-way gate leading to the halls of Pandemonium.
 56066 | Depths:1 | Reached skill level 27 in Polearms
 56310 | Depths:1 | Reached XP level 24. HP: 189/219 MP: 23/23
 56491 | Depths:1 | Received a gift from Trog
 57165 | Depths:1 | Found a one-way gate to the infinite horrors of the Abyss.
 57340 | Depths:2 | Received a gift from Trog
 57345 | Depths:2 | Noticed a caustic shrike
 57352 | Depths:2 | Killed a caustic shrike
 57770 | Depths:2 | Paralysed by a floating eye for 4 turns
 58267 | Depths:2 | Found a runed translucent gate.
 58267 | Depths:2 | Found a runed translucent gate.
 58268 | Depths:2 | Found a runed translucent gate.
 58291 | Depths:2 | Noticed Miownoin's ghost (master GrFi)
 58292 | Depths:2 | Noticed wolfgangpup's ghost (adept MiFi)
 58292 | Depths:2 | Noticed Jismel's ghost (journeyman HOFi)
 58292 | Depths:2 | Noticed Rofut's ghost (adept AtIE)
 58658 | Depths:3 | Noticed the Enchantress
 58667 | Depths:3 | Killed the Enchantress
 59016 | Depths:1 | Identified the +5 quarterstaff of Defence {vamp, Contam
                  | +Blink Will++ Str+9}
 59169 | Depths:3 | Received a gift from Trog
 59414 | Depths:3 | Found a one-way gateway to a ziggurat.
 59536 | Depths:3 | Reached skill level 27 in Fighting
 59770 | Orc:1    | Bought a manual of Evocations for 880 gold pieces
 60590 | Depths:4 | Entered Level 4 of the Depths
 61204 | Depths:4 | Received a gift from Trog
 61205 | Depths:4 | Reached XP level 25. HP: 233/234 MP: 23/23
 61317 | Depths:4 | Paralysed by a floating eye for 2 turns
 61491 | Depths:4 | Found a gate to the Realm of Zot.
 62151 | Slime:1  | Entered Level 1 of the Pits of Slime
 62390 | Slime:4  | Noticed Dissolution
 62398 | Slime:4  | Killed Dissolution
 62649 | Slime:3  | Received a gift from Trog
 62726 | Slime:5  | Entered Level 5 of the Pits of Slime
 62964 | Slime:5  | Noticed the Royal Jelly
 63111 | Slime:5  | Found a viscous altar of Jiyva.
 63114 | Slime:5  | Identified a scroll of acquirement
 63469 | Slime:5  | Killed the Royal Jelly
 63473 | Slime:5  | Identified the +2 pair of gloves of a bailey {Harm *Corrode
                  | rC++ Regen+}
 63812 | Slime:5  | Reached XP level 26. HP: 242/242 MP: 23/23
 63832 | Slime:5  | Identified the +0 plate armour "Ekainiph" {rF+}
 63866 | Slime:5  | Acquired the +3 pair of mountain boots {steadfast, rC+}
 63866 | Slime:5  | Found the +3 pair of mountain boots {steadfast, rC+}
 63884 | Slime:5  | Got a slimy rune of Zot
 63906 | Slime:5  | Identified the +7 chain mail of Qisedur {Rampage rCorr
                  | Str+2}
 63913 | Slime:5  | Identified the +0 ice dragon scales of the Trilobite {rPois
                  | rF- rC++ rCorr Dex+3}
 63964 | Slime:5  | Identified the +1 long sword "Waotaqye" {venom, *Noise
                  | rPois Str+3 Dex+3}
 64029 | Slime:1  | Gained mutation: You occasionally shout uncontrollably at
                  | your foes. [a shining eye]
 64361 | Zot:1    | Entered Level 1 of the Realm of Zot
 64366 | Zot:1    | Reached skill level 15 in Evocations
 65215 | Zot:1    | Received a gift from Trog
 67116 | Zot:2    | Noticed an orb of fire
 67119 | Zot:2    | Gained mutation: You do not regenerate when monsters are
                  | visible. [an orb of fire]
 67135 | Zot:2    | Killed an orb of fire
 67182 | Zot:1    | Lost mutation: You occasionally shout uncontrollably at
                  | your foes. [potion of mutation]
 67182 | Zot:1    | Lost mutation: You do not regenerate when monsters are
                  | visible. [potion of mutation]
 67182 | Zot:1    | Gained mutation: You are weak. (Str -2) [potion of
                  | mutation]
 67182 | Zot:1    | Gained mutation: You are strong-willed. (Will+) [potion of
                  | mutation]
 67182 | Zot:1    | Gained mutation: You passively map a small area around you.
                  | [potion of mutation]
 67623 | Zot:2    | Reached XP level 27. HP: 229/249 MP: 23/23
 68173 | Zot:2    | Noticed an orb of fire
 68178 | Zot:2    | Found a transporter.
 68214 | Zot:2    | Noticed an ancient lich
 68249 | Zot:2    | Found a shimmering blue altar of Sif Muna.
 70050 | Zot:2    | Identified the ring of the Parsimonious God {rF+ SInv}
 70625 | Depths:2 | Killed Rofut's ghost
 70631 | Depths:2 | Killed wolfgangpup's ghost
 70639 | Depths:2 | Killed Jismel's ghost
 70648 | Depths:2 | Killed Miownoin's ghost
 71296 | Slime:2  | Gained mutation: You are occasionally teleported next to
                  | monsters. [a shining eye]
 71298 | Slime:2  | Gained mutation: You are vulnerable to cold. (rC-) [a
                  | shining eye]
 71307 | Slime:2  | You fall into a shaft and drop 1 floor!
 72764 | Zot:4    | Noticed an orb of fire
 72768 | Zot:4    | Gained mutation: You are very vulnerable to cold. (rC--)
                  | [an orb of fire]
 72770 | Zot:4    | Gained mutation: You are dopey. (Int -2) [an orb of fire]
 72777 | Zot:4    | Killed an orb of fire
 72786 | Zot:4    | Received a gift from Trog
 72979 | Zot:3    | Lost mutation: You passively map a small area around you.
                  | [potion of mutation]
 72979 | Zot:3    | Lost mutation: You are dopey. (Int -2) [potion of mutation]
 72979 | Zot:3    | Lost mutation: You are occasionally teleported next to
                  | monsters. [potion of mutation]
 72979 | Zot:3    | Gained mutation: Your system is resistant to poisons.
                  | (rPois) [potion of mutation]
 72979 | Zot:3    | Gained mutation: Your spells are a little harder to cast,
                  | but a little more powerful. [potion of mutation]
 72980 | Zot:3    | Lost mutation: You are strong-willed. (Will+) [potion of
                  | mutation]
 72980 | Zot:3    | Lost mutation: You are very vulnerable to cold. (rC--)
                  | [potion of mutation]
 72980 | Zot:3    | Lost mutation: Your spells are a little harder to cast, but
                  | a little more powerful. [potion of mutation]
 72980 | Zot:3    | Gained mutation: You are robust. (+10% HP) [potion of
                  | mutation]
 72980 | Zot:3    | Gained mutation: Your spells are a little easier to cast,
                  | but a little less powerful. [potion of mutation]
 72980 | Zot:3    | Gained mutation: You have a pair of small antennae on your
                  | head. [potion of mutation]
 72981 | Zot:3    | Lost mutation: Your spells are a little easier to cast, but
                  | a little less powerful. [potion of mutation]
 72981 | Zot:3    | Lost mutation: Your system is resistant to poisons. (rPois)
                  | [potion of mutation]
 72981 | Zot:3    | Lost mutation: You are weak. (Str -2) [potion of mutation]
 72981 | Zot:3    | Gained mutation: You are somewhat resistant to further
                  | mutation. [potion of mutation]
 72982 | Zot:3    | Lost mutation: You have a pair of small antennae on your
                  | head. [potion of mutation]
 72982 | Zot:3    | Lost mutation: You are somewhat resistant to further
                  | mutation. [potion of mutation]
 72982 | Zot:3    | Lost mutation: You are vulnerable to cold. (rC-) [potion of
                  | mutation]
 72982 | Zot:3    | Gained mutation: Your muscles are strong. (Str +4, Int/Dex
                  | -1) [potion of mutation]
 74226 | Zot:5    | Entered Level 5 of the Realm of Zot
 76368 | Zot:5    | Noticed an orb of fire
 76369 | Zot:5    | Noticed an orb of fire
 76370 | Zot:5    | Noticed an orb of fire
 76370 | Zot:5    | Noticed an ancient lich
 76372 | Zot:5    | Noticed an orb of fire
 76372 | Zot:5    | Lost mutation: You are robust. (+10% HP) [an orb of fire]
 76374 | Zot:5    | Noticed an orb of fire
 76377 | Zot:5    | Noticed a dread lich
 76378 | Zot:5    | Noticed an ancient lich
 76382 | Zot:5    | Killed an orb of fire
 76386 | Zot:5    | Gained mutation: You are frail. (-10% HP) [an orb of fire]
 76393 | Zot:5    | Gained mutation: Your spells are a little easier to cast,
                  | but a little less powerful. [an orb of fire]
 76394 | Zot:5    | Gained mutation: You are very frail. (-20% HP) [an orb of
                  | fire]
 76396 | Zot:5    | HP: 6/199 [orb of fire/bolt of fire (14)]
 76400 | Zot:5    | Killed an orb of fire
 76401 | Zot:5    | Noticed an ancient lich
 76401 | Zot:5    | Gained mutation: Your body sometimes deteriorates upon
                  | taking damage. [an orb of fire]
 76767 | Zot:5    | Killed an ancient lich
 77033 | Zot:5    | Lost intelligence.
 77047 | Zot:5    | Noticed an orb of fire
 77049 | Zot:5    | Killed an orb of fire
 77058 | Zot:5    | Killed an orb of fire
 77064 | Zot:5    | Killed an ancient lich
 77915 | Crypt:1  | Entered Level 1 of the Crypt
 78364 | Crypt:1  | Lost mutation: Your muscles are strong. (Str +4, Int/Dex
                  | -1) [potion of mutation]
 78364 | Crypt:1  | Lost mutation: Your body sometimes deteriorates upon taking
                  | damage. [potion of mutation]
 78364 | Crypt:1  | Lost mutation: Your spells are a little easier to cast, but
                  | a little less powerful. [potion of mutation]
 78364 | Crypt:1  | Gained mutation: You occasionally lose the ability to read
                  | scrolls when taking damage. [potion of mutation]
 78364 | Crypt:1  | Gained mutation: You have a pair of small horns on your
                  | head. [potion of mutation]
 78365 | Crypt:1  | Lost mutation: You are very frail. (-20% HP) [potion of
                  | mutation]
 78365 | Crypt:1  | Lost mutation: You have a pair of small horns on your head.
                  | [potion of mutation]
 78365 | Crypt:1  | Lost mutation: You are frail. (-10% HP) [potion of
                  | mutation]
 78365 | Crypt:1  | Gained mutation: You are agile. (Dex +4, Str/Int -1)
                  | [potion of mutation]
 78365 | Crypt:1  | Gained mutation: You do not regenerate when monsters are
                  | visible. [potion of mutation]
 78366 | Crypt:1  | Lost mutation: You occasionally lose the ability to read
                  | scrolls when taking damage. [potion of mutation]
 78366 | Crypt:1  | Lost mutation: You do not regenerate when monsters are
                  | visible. [potion of mutation]
 78366 | Crypt:1  | Gained mutation: You possess an exceptional clarity of
                  | mind. [potion of mutation]
 78366 | Crypt:1  | Gained mutation: Your system is resistant to poisons.
                  | (rPois) [potion of mutation]
 79893 | Zot:5    | Killed an ancient lich
 80194 | Zot:5    | Gained mutation: Armour fits poorly on your strangely
                  | shaped body. [an orb of fire]
 80197 | Zot:5    | Gained mutation: You are vulnerable to heat. (rF-) [an orb
                  | of fire]
 80212 | Zot:5    | Killed an orb of fire
 80267 | Zot:5    | Got the Orb of Zot
 80280 | Zot:5    | Killed an orb of fire
 81026 | D:$      | Escaped with the Orb!

Illustrated notes

Levels and vault maps discovered:
D:1:      roderic_chinese_lattice_arrival, layout_loops_cross
D:2:      layout_basic, serial_shops, nicolae_lakefront_shop,
          uniq_crazy_yiuf_cottage
D:3:      layout_basic, serial_shops, shop,
          hellmonk_ecumenical_altar_watching_god, st_stairs_1,
          grunt_decor_clamped
D:4:      layout_basic, fedhas_altar_1, nicolae_goblin_pals, uniq_pikel
D:5:      layout_layer_cave
D:6:      layout_basic, minmay_temple_entry_slanted
D:7:      layout_gridville, kennysheep_little_box, serial_shops,
          nicolae_shop_tiny_waterfront, worms_lemuel
D:8:      layout_loops_ring, gammafunk_ghost_grave, minmay_lindwurm_lava,
          uniq_joseph
D:9:      layout_layer_cave, evilmike_minifort
D:10:     layout_long_grid, nicolae_overflow_hallway_of_the_gods, orc_0_dummy
D:11:     layout_loops_corners, erik_lair_orcish_takeover
D:12:     cheibrodos_hippocracy, layout_irregular_city
D:13:     layout_irregular_city, hellmonk_bongcloud_opening,
          nicolae_shop_fire_sale [nicolae_sub_dead_trees],
          lightli_fourway_metalbox, uniq_erolcha
D:14:     dreamdust_cave_troll, layout_loops_ring, david_vaults_4,
          kennysheep_cross_room
D:15:     grunt_enter_depths_snipers, layout_loops_ring, serial_bayou_pond_b,
          drop_trap
Lair:1:   beast_lair_carwin_large_4, layout_concentric_octagons,
          portal_ice_cave_demonic_guard
Lair:2:   layout_misc_corridors, basic_altar, grunt_forest_large_clearing_hut,
          grunt_megastairs_2, serial_bayou_shore_a
Lair:3:   gammafunk_lair_enchanted_lake, layout_chaotic_city,
          minmay_shoals_entry_beasts, spider_nest_entry_web_field,
          ebering_ghost_inner_flame, kilobyte_rumbling_trees
Lair:4:   layout_cave_pods, minivault_27
Lair:5:   evil_forest, layout_big_grid, slime_entry_1, lemuel_old_faithful,
          uniq_urug
Shoals:1: layout_shoals, nicolae_shoals_lost_giant_temple,
          nicolae_shop_clearance
Shoals:2: layout_shoals, hellmonk_ghost_happy_afterlife
Shoals:3: layout_shoals
Shoals:4: shoals_end_hellmonk_lost_city
Spider:1: layout_spider_delve, hangedman_spider_tarantella_strand
Spider:2: layout_cave_pods, ebering_ghost_rock_garden
Spider:3: layout_spider_delve, spiders_nest_hornet_nest
Spider:4: guppyfry_spider_rune
Slime:1:  layout_caves
Slime:2:  layout_caves
Slime:3:  layout_caves
Slime:4:  layout_caves, dissolution_awaits
Slime:5
Orc:1:    layout_diamond_mine, serial_shops, nicolae_book_shop_shelving,
          nicolae_shop_vocational
Orc:2:    pubby_orc_utopia, serial_shops, uniq_donald
Elf:1:    nicolae_elf_arrival_dilemma, layout_rooms, minmay_elf_sorcery,
          nicolae_shop_i_like_big_books, grunt_ministairs_10, uniq_jorgrun
Elf:2:    nicolae_elf_blades_crystal_corner, layout_geoelf_octagon,
          serial_sigils_hangedman_gut, uniq_aizul
Elf:3:    grunt_elf_hall_spiral, layout_rooms, serial_shops,
          nicolae_shop_peninsula, elf_orc_summit_meeting, uniq_roxanne
Vaults:1: hangedman_vaults_capsules, v_misc_4, v_misc_2,
          nicolae_vaults_shipping_containers_1, ontoclasm_vaults_hangar,
          vaults_room_fours, v_misc_14, layout_vaults_omnicross, serial_shops,
          nicolae_shop_tiny_real_fake_doors, uniq_zenata
Vaults:2: vaults_mumra_minichess, nicolae_vaults_windows_and_doors_thing,
          minmay_crypt_entry_skeletal_spiral, nicolae_vaults_more_shelving_2,
          nicolae_vaults_tetromino_T_1, ontoclasm_vaults_idyll,
          nicolae_vaults_double_plus_3, nicolae_vaults_swerve,
          nicolae_vaults_rhombus_7, hangedman_vaults_stagger,
          nicolae_vaults_hexular_roomagon, ontoclasm_vaults_shuriken,
          layout_vaults_ring
Vaults:3: nicolae_vaults_diamond_1, v_rooms_5, v_misc_29, grunt_vaults_twisty,
          st_quartered_hall, nicolae_vaults_ellipses_ellipsis,
          nicolae_vaults_lightning_bolt, ontoclasm_vaults_ring_large,
          nicolae_vaults_circle_grid_b, v_alt_pattern_5,
          nicolae_vaults_trapezoid_lopsided_1, nicolae_vaults_tangram_1,
          layout_vaults_maze_snakey, serial_shops, nicolae_shop_hallway_stairs,
          uniq_margery
Vaults:4: hellmonk_guarded_unrand_gong, vaults_room_fours, vaults_room_pools,
          v_misc_3, v_rooms_5, nicolae_vaults_three_branches,
          ontoclasm_vaults_gateway, nicolae_vaults_two_Ls,
          ontoclasm_vaults_idyll, nicolae_vaults_closet_pinwheel_1,
          ontoclasm_vaults_fault, nicolae_vaults_tetromino_T_1,
          vaults_dpeg_hooks, nicolae_vaults_trapezoid_1,
          layout_vaults_chaotic_city, serial_shops, uniq_saint_roka, uniq_mara
Vaults:5: serial_shops, uniq_frederick
Crypt:1:  layout_basic
Depths:1: layout_roguey, hell_entry, pan_entry, corexii_hall_statues_l,
          minmay_room_of_horrors, kennysheep_kite_vault,
          hangedman_decor_cross_pass, firewood_loft
Depths:2: hangedman_arch_fort, layout_long_grid, rand_demon_pan_entry_7,
          corexii_corridor_pit, hell_entry, gammafunk_ghost_cemetery,
          grunt_ministairs_2, serial_sigils_hangedman_scratch
Depths:3: nicolae_cairo_tiling, layout_cave_pools, enter_ziggurat_a,
          abyss_entry, grunt_decor_arrowhead, hell_entry,
          infiniplex_staircase_zigzag_5, uniq_enchantress
Depths:4: grunt_zot_entry_pinwheel, layout_gridlike, hell_entry,
          hangedman_abyss_or_decor_slice
Zot:1:    layout_cathedral_of_symmetry
Zot:2:    gammafunk_sealed_library, layout_cathedral_of_symmetry
Zot:3:    layout_twisted_circle
Zot:4:    layout_basic
Zot:5:    layout_misc_corridors, st_stairs_13

Skill      XL: |  1  2  3  4  5  6  7  8  9 10 11 12 13 14 15 16 17 18 19 20 21 22 23 24 25 26 27 |
---------------+----------------------------------------------------------------------------------+-----
Polearms       | 5 6 9 10 12 14 17 18 19 20 22 23 25 27 | 27.0
Fighting       | 4 6 9 11 12 13 14 16 17 18 19 21 22 23 24 27 | 27.0
Armour         | 2 3 5 6 8 9 10 11 13 14 15 16 17 18 20 | 20.9
Evocations     | 2 5 6 7 9 10 11 14 16 | 16.5
Throwing       | 5 11 13 14 16 17 18 20 | 20.8
Dodging        | 8 10 11 | 11.3
Stealth        | 2 4 5 |  5.1

Action                     |  1- 3 |  4- 6 |  7- 9 | 10-12 | 13-15 | 16-18 | 19-21 | 22-24 | 25-27 || total
---------------------------+-------+-------+-------+-------+-------+-------+-------+-------+-------++-------
  Melee: Spear             |   150 |    16 |       |       |       |       |       |       |       ||   166
         Punch             |     1 |       |     1 |     1 |     1 |       |       |       |       ||     4
         Lajatang          |       |   177 |   131 |       |       |       |       |       |       ||   308
         Trident           |       |       |   168 |    58 |    32 |    17 |       |       |       ||   275
         Tailslap          |       |       |     3 |       |     4 |    12 |     2 |       |       ||    21
         Halberd           |       |       |       |   598 |   449 |       |       |       |       ||  1047
         Glaive            |       |       |       |       |   770 |   758 |   815 |   878 |   867 ||  4088
         Bardiche          |       |       |       |       |       |       |       |    53 |   153 ||   206
  Throw: Stone             |       |     1 |     9 |     6 |       |       |       |       |       ||    16
         Dart              |       |       |     1 |    15 |       |   101 |       |     1 |       ||   118
         Boomerang         |       |       |       |     9 |    46 |   103 |    59 |    13 |    30 ||   260
         Javelin           |       |       |       |       |       |       |     2 |    20 |    39 ||    61
 Invoke: Berserk           |       |     3 |     6 |    15 |    15 |     5 |    14 |     7 |    12 ||    77
         Trog's Hand       |       |     2 |     6 |     8 |    12 |    11 |    17 |    11 |    23 ||    90
         Brothers in Arms  |       |       |       |     1 |     1 |     2 |     5 |     4 |     9 ||    22
  Evoke: Wand              |       |       |     1 |       |     2 |       |       |       |     6 ||     9
         Condenser vane    |       |       |       |       |     1 |       |     1 |       |     1 ||     3
         Phial of floods   |       |       |       |       |       |       |     1 |       |     1 ||     2
         Lightning rod     |       |       |       |       |       |       |       |     3 |       ||     3
    Use: Potion            |       |     1 |     1 |     1 |     1 |     1 |     1 |     2 |    27 ||    35
         Scroll            |       |       |    17 |     8 |     6 |     2 |     4 |     5 |    19 ||    61
   Stab: Sleeping          |     2 |       |       |       |       |       |       |       |       ||     2
         Invisible         |       |       |       |       |     2 |       |       |       |     2 ||     4
         Petrified         |       |       |       |       |     4 |       |       |       |       ||     4
         Petrifying        |       |       |       |       |     2 |       |       |       |       ||     2
         Distracted        |       |       |       |       |       |    11 |    16 |    18 |    23 ||    68
 Armour: Animal skin       |    28 |       |       |       |       |       |       |       |       ||    28
         Chain mail        |    14 |   117 |   185 |    51 |    62 |   173 |   328 |   297 |   142 ||  1369
         Ring mail         |     1 |       |       |       |       |       |       |       |       ||     1
         Plate armour      |       |       |    69 |   261 |   613 |   153 |       |       |       ||  1096
         Gold dragon scale |       |       |       |       |       |       |       |       |   409 ||   409
  Dodge: Dodged            |    44 |    93 |   131 |   168 |   294 |   235 |   272 |   268 |   332 ||  1837

Table legend: (Time is in decaauts)
 A = Elapsed time spent in this place.
 B = Non-inter-level travel time spent in this place.
 C = Inter-level travel time spent in this place.
 D = Time resting spent in this place.
 E = Time spent auto-exploring this place.
 F = Levels seen in this place.
 G = Mean time per level.
                   A        B        C        D        E       F      G
               +--------+--------+--------+--------+--------+-----+--------+
         Total |  79631 |  67476 |  12155 |  11155 |  44244 |  55 | 1447.8 |
       Dungeon |  20566 |  16447 |   4119 |   1488 |  12255 |  15 | 1371.1 |
          Lair |   8378 |   6954 |   1424 |   1160 |   4592 |   5 | 1675.6 |
        Shoals |   3696 |   3432 |    264 |    765 |   2056 |   4 |  924.0 |
   Spider Nest |   4794 |   4418 |    376 |   1010 |   2580 |   4 | 1198.5 |
    Slime Pits |   1999 |   1795 |    204 |    654 |    418 |   5 |  399.8 |
  Orcish Mines |   4819 |   3598 |   1221 |    483 |   2124 |   2 | 2409.5 |
   Elven Halls |   4194 |   3704 |    490 |    837 |   2043 |   3 | 1398.0 |
        Vaults |  11001 |   9827 |   1174 |   1613 |   6584 |   5 | 2200.2 |
         Crypt |   1452 |   1443 |      9 |     69 |   1207 |   1 | 1452.0 |
        Depths |   6915 |   5235 |   1680 |    757 |   3724 |   4 | 1728.8 |
           Zot |  10766 |   9578 |   1188 |   1896 |   6317 |   5 | 2153.2 |
         Abyss |     28 |     28 |      0 |      0 |      0 |   1 |   28.0 |
      Ice Cave |   1017 |   1017 |      0 |    418 |    339 |   1 | 1017.0 |
               +--------+--------+--------+--------+--------+-----+--------+

Top non-repeatable levels by time:
   Orc:2: 3862 daAuts
   Zot:1: 3012 daAuts
Vaults:5: 2919 daAuts
Depths:2: 2543 daAuts
   Zot:2: 2449 daAuts
  Lair:3: 2256 daAuts
Vaults:4: 2242 daAuts
Vaults:1: 2139 daAuts
    D:14: 2089 daAuts
   Zot:4: 1952 daAuts
Vaults:3: 1919 daAuts
    D:11: 1898 daAuts
   Zot:5: 1811 daAuts
   Elf:2: 1784 daAuts
Vaults:2: 1781 daAuts
